 Dungeon Crawl Stone Soup version 0.18.1-50-g88ac8fd (webtiles) character file.

39 varam the Sneak (level 3, -1/16 HPs)
             Began as a Spriggan Enchanter on Oct 21, 2016.
             Slain by Grinder (2 damage)
             ... while paralysed by Grinder
             ... on level 3 of the Dungeon.
             The game lasted 00:03:46 (989 turns).

varam the Sneak (Spriggan Enchanter)                 Turns: 989, Time: 00:03:46

Health: -1/16      AC:  3    Str:  4    XL:     3   Next: 26%
Magic:  0/8        EV:  4    Int: 17    God:
Gold:   88         SH:  0    Dex: 16    Spells: 3 memorised, 1 level left

rFire  . . .     SeeInvis +     a - +1 dagger
rCold  . . .     Gourm    .     b - +1 robe
rNeg   . . .     Faith    .     (shield restricted)
rPois  .         Spirit   .     (helmet restricted)
rElec  .         Dismiss  .     (no cloak)
rCorr  .         Reflect  .     (gloves unavailable)
SustAt .         Harm     .     (boots unavailable)
MR     .....                    (no amulet)
Stlth  ++++......               (no ring)
                                (no ring)

@: paralysed, very slightly contaminated, very quick, not resistant to hostile
enchantments, stealthy
A: unfitting armour, see invisible, herbivore 3, speed 3, slow metabolism 2
a: no special abilities


You were on level 3 of the Dungeon.
You were not hungry.

You visited 1 branch of the dungeon, and saw 3 of its levels.

You collected 88 gold pieces.

Inventory:

Hand Weapons
 a - a +1 dagger (weapon)
 m - a +1 antimagic dagger
Armour
 b - a +1 robe (worn)
Jewellery
 e - an uncursed ring of protection from magic {unknown}
 k - a +2 amulet of reflection {unknown}
Scrolls
 h - a scroll of identify {unknown}
 l - a scroll of fear {unknown}
 o - 2 scrolls of random uselessness
 p - a scroll of noise {unknown}
 r - a scroll of remove curse {unknown}
 s - a scroll of teleportation {unknown}
Potions
 f - a potion of brilliance {unknown}
 g - a potion of cancellation {unknown}
 i - a potion of agility {unknown}
 n - a potion of flight {unknown}
 q - a potion of curing {unknown}
 t - a potion of mutation {unknown}
Books
 c - a book of Maledictions

   Spells                             Type                      Level
   a - Corona                         Hexes                        1
   b - Ensorcelled Hibernation        Hexes/Ice                    2
   c - Confuse                        Hexes                        3
   d - Tukima's Dance                 Hexes                        3
   e - Dazzling Spray                 Conjuration/Hexes            3
Comestibles
 d - 4 bread rations
 j - a slice of pizza


   Skills:
 - Level 1.1 Short Blades
 - Level 3.0 Dodging
 + Level 6.7 Stealth
 - Level 2.6 Spellcasting
 - Level 3.6 Hexes


You had one spell level left.
You knew the following spells:

 Your Spells              Type           Power        Failure   Level  Hunger
a - Ensorcelled Hibernat  Hex/Ice        #.....       17%         2    ##.....
b - Corona                Hex            ##.....      4%          1    #......
c - Confuse               Hex            ##......     14%         3    ###....


Dungeon Overview and Level Annotations

Branches:
Dungeon (3/15)

Altars:
Gozag
Ru
Xom
Zin

Annotations:
D:3 Grinder


Innate Abilities, Weirdness & Mutations

You are tiny and cannot use many weapons and most armour.
You have supernaturally acute eyesight.
You are a herbivore.
You cover ground extremely quickly.
You need consume almost no food.


Message History

Casting: Corona
Confirm with . or Enter, or press ? or * to list all spells.
Okay, then.
Casting: Corona
Confirm with . or Enter, or press ? or * to list all spells.
Aiming: Confuse
Press: ? - help, Shift-Dir - straight line, f/p - Grinder
Aim: Grinder (chance to defeat MR: 45%)
You miscast Confuse.
Nothing appears to happen.
You hit Grinder but do no damage. Grinder closely misses you.
You hit Grinder.
Grinder is lightly wounded.
Grinder gestures at you.
You suddenly lose the ability to move!
Grinder barely misses you. Grinder hits you!
Ouch! That really hurt!
* * * LOW HITPOINT WARNING * * *
You writhe in agony.
You die...

.#####.# .....#.#
.....#.# .....#.# #
.....#.# ##_##
.......# ##8...8
.....### ####.....
.....# ###
#######.#_.....
#.####
##.###..5@.†.##.....
#.#
#......########8...8
..# ##.##### #_##
#.# #.# # #.#
#.####### ..#
####........ ###
#...K...#.#. #
#.##..#?#.#
######?##......#


You could see Grinder.

Vanquished Creatures
  An adder (D:2)
  6 bats
  3 goblins
  2 hobgoblins (D:2)
  A quokka (D:2)
  A ball python (D:1)
  2 giant newts
  4 kobolds
  14 rats
34 creatures vanquished.

Notes
Turn   | Place    | Note
--------------------------------------------------------------
     0 | D:1      | varam the Spriggan Enchanter began the quest for the Orb.
     0 | D:1      | Reached XP level 1. HP: 9/9 MP: 5/5
    70 | D:1      | Reached skill level 5 in Stealth
    88 | D:1      | Reached XP level 2. HP: 12/13 MP: 6/6
   108 | D:1      | Learned a level 2 spell: Ensorcelled Hibernation
   222 | D:2      | Reached skill level 6 in Stealth
   381 | D:2      | Reached XP level 3. HP: 16/16 MP: 4/8
   388 | D:2      | Learned a level 3 spell: Confuse
   449 | D:2      | Found a shimmering altar of Xom.
   863 | D:3      | Noticed Grinder
   872 | D:3      | Found an opulent altar of Gozag.
   875 | D:3      | Found a sacrificial altar of Ru.
   877 | D:3      | Found a glowing silver altar of Zin.
   977 | D:3      | Paralysed by Grinder for 4 turns
   987 | D:3      | Paralysed by Grinder for 3 turns
   989 | D:3      | Slain by Grinder

Skill      XL: |  1  2 |
---------------+-------+-----
Stealth        | 5 6 |  6.7
Short Blades   | |  1.1
Dodging        | |  3.0
Spellcasting   | |  2.6
Hexes          | |  3.6

Action                   || total
-------------------------++-------
Melee: Dagger            ||    85
 Cast: Corona            ||     1
       Ensorcelled Hiber ||     5
       Confuse           ||     1
  Use: Scroll            ||     1
 Stab: Sleeping          ||    15
Armor: Robe              ||    12
Dodge: Dodged            ||    77
